 Dungeon Crawl Stone Soup version 0.29-a0-422-gafbd6decc1 (webtiles) character file.

Game seed: 12185503307373136448

35 Foxy the Sneak (level 3, -1/29 HPs)
             Began as a Palentonga Brigand on May 19, 2022.
             Slain by a gnoll
             ... wielding a +0 flail
              (5 damage)
             ... on level 2 of the Dungeon.
             The game lasted 00:01:38 (1621 turns).

Foxy the Sneak (Palentonga Brigand)                 Turns: 1621, Time: 00:01:38

Health: -1/29      AC:  5    Str: 14    XL:     3   Next: 16%
Magic:  3/3        EV:  5    Int: 11    God:
Gold:   32         SH:  0    Dex: 13    Spells: 2/2 levels left

rFire   . . .      SeeInvis +   a - +2 dagger
rCold   . . .      Faith    .   (no shield)
rNeg    + . .      Spirit   .   b - +0 robe
rPois   .          Reflect  .   (no helmet)
rElec   .          Harm     .   c - +0 cloak
rCorr   .          Rampage  .   (no gloves)
Will    .....                   (no barding)
Stlth   ++........              (no amulet)
HPRegen 0.09/turn               g - ring of positive energy
MPRegen 0.08/turn               (no ring)

@: held
A: large, rugged brown scales 3, see invisible, deformed body, roll 1, armoured
tail
a: Rolling Charge


You were on level 2 of the Dungeon.
You visited 1 branch of the dungeon, and saw 2 of its levels.

You collected 32 gold pieces.

Inventory:

Hand Weapons
 a - a +2 dagger (weapon)
 k - a +0 short sword of holy wrath
Missiles
 d - 4 poisoned darts (quivered)
 e - 3 curare-tipped darts
Armour
 b - a +0 robe (worn)
 c - a +0 cloak (worn)
Jewellery
 g - a ring of positive energy (left hand)
Scrolls
 h - 2 scrolls of identify {unknown}
 j - a scroll of teleportation {unknown}
Potions
 f - 3 potions of resistance {unknown}
 i - a potion of curing {unknown}


   Skills:
 + Level 2.4 Fighting
 * Level 2.7 Short Blades
 - Level 1.3 Throwing
 + Level 1.2 Dodging
 + Level 2.8 Stealth


You had 2 spell levels left.
You didn't know any spells.
Your spell library was empty.

Dungeon Overview and Level Annotations

Branches:
Dungeon (2/15)

Altars:


Innate Abilities, Weirdness & Mutations

You are completely covered in rugged brown scales. (AC +3, +7% HP)
You have supernaturally acute eyesight. (SInv)
Armour fits poorly on your strangely shaped body.
You can roll at nearby foes to attack.
You have a long armoured tail.


Message History

HP restored.
You climb downwards.
There is a stone staircase leading up here.
Throw: 6 darts (poison)
Press: ? - help, Q - select action, (/) - cycle Shift-Dir - straight line, f - gnoll
Aim: a gnoll, wielding a +0 spear (wandering, hasn't noticed you, 61% to hit)
You throw a poisoned dart. The poisoned dart hits the gnoll.
The gnoll is poisoned.
Unknown command.
Throw: 5 darts (poison)
Press: ? - help, Q - select action, (/) - cycle Shift-Dir - straight line, f/p - gnoll
Aim: a gnoll, wielding a +0 spear (lightly wounded, poisoned, 61% to hit)
You throw a poisoned dart. The poisoned dart hits the gnoll.
The gnoll looks even sicker.
The gnoll is lightly wounded.
Roll where?
Press: ? - help, Dir - move target, f/p - gnoll
Aim: a gnoll, wielding a +0 spear (lightly wounded, very poisoned)
You roll forward with a clatter of scales!
You barely miss the gnoll.
The gnoll is lightly wounded.
The gnoll shouts! x2; You hear a shout! x3
The gnoll hits you with a +0 spear.
You closely miss the gnoll.
The gnoll is lightly wounded.
The gnoll hits you but does no damage.
The gnoll throws a throwing net.
The throwing net hits you.
You become entangled in the net!
The gnoll hits you with a +0 spear.
You see here a throwing net.
Unknown command.
You struggle against the net.
The gnoll hits you with a +0 spear.
You struggle against the net.
The gnoll hits you with a +0 spear.
A gnoll comes into view. It is wielding a +0 club.
The gnoll hits you with a +0 flail.
* * * LOW HITPOINT WARNING * * *
Unknown command.
You struggle against the net.
You kill the gnoll!
The gnoll hits you with a +0 flail.
You die...

#....######.#.....
##...# #.# g.. #...#
#.# ..# #...# #.#...#
#...## #.#...###
#....#####.#(#....
#(...)†....g......
#...######)g......
#############..@###....
#..........##.### .[
#......>...<..#
#....>......### #.
#.....).....##....
#[.............#
#..........#####
#..........#
#..........#


You could see 3 gnolls.

Vanquished Creatures
  2 gnolls (D:2)
  3 ball pythons
  2 endoplasms (D:1)
  2 giant cockroaches
  2 goblins
  2 hobgoblins (D:1)
  3 jackals (D:1)
  2 bats
  3 kobolds
  2 rats (D:1)
23 creatures vanquished.

Notes
Turn   | Place    | Note
-------+----------+-------------------------------------------
     0 | D:1      | Foxy the Palentonga Brigand began the quest for the Orb.
     0 | D:1      | Reached XP level 1. HP: 17/17 MP: 1/1
   417 | D:1      | Reached skill level 1 in Dodging
   436 | D:1      | Reached XP level 2. HP: 23/23 MP: 2/2
  1130 | D:1      | Found a faded altar of an unknown god.
  1414 | D:2      | Reached XP level 3. HP: 11/29 MP: 3/3
  1621 | D:2      | Slain by a gnoll

Illustrated notes

Levels and vault maps discovered:
D:1:      ncdulo_smallfort, layout_loops_ring,
          hellmonk_ecumenical_altar_inner_sanctum
D:2:      layout_rooms, uniq_natasha

Skill      XL: |  1 |
---------------+----+-----
Dodging        | 1 |  1.2
Fighting       | |  2.4
Short Blades   | |  2.7
Throwing       | |  1.3
Stealth        | |  2.8

Action                   || total
-------------------------++-------
Melee: Dagger            ||    82
       Tailslap          ||    10
Throw: Dart              ||     6
 Abil: Rolling Charge    ||     4
 Stab: Sleeping          ||     3
Armor: Robe              ||    46
Dodge: Dodged            ||    29

Table legend: (Time is in decaauts)
 A = Elapsed time spent in this place.
 B = Non-inter-level travel time spent in this place.
 C = Inter-level travel time spent in this place.
 D = Time resting spent in this place.
 E = Time spent auto-exploring this place.
 F = Levels seen in this place.
 G = Mean time per level.
                   A        B        C        D        E       F      G
               +--------+--------+--------+--------+--------+-----+--------+
         Total |   1612 |   1576 |     36 |    463 |    928 |   2 |  806.0 |
       Dungeon |   1612 |   1576 |     36 |    463 |    928 |   2 |  806.0 |
               +--------+--------+--------+--------+--------+-----+--------+

Top non-repeatable levels by time:
     D:1: 1407 daAuts
     D:2: 205 daAuts
